 Dungeon Crawl Stone Soup version 0.29-a0-341-g24ffce5b50 (webtiles) character file.

Game seed: 2581063695427095472

7092 spaghetti the Thaumaturge (level 10, 0/154 HPs)
             Began as a Demigod Air Elementalist on Apr 20, 2022.
             Slain by a rakshasa (illusionary)
             ... wielding a +0 trident
              (2 damage)
             ... on level 8 of the Dungeon.
             The game lasted 00:23:16 (14235 turns).

spaghetti the Thaumaturge (DgAE)                   Turns: 14235, Time: 00:23:16

Health: 0/154      AC: 28    Str: 15    XL:     10   Next: 54%
Magic:  8/29       EV:  2    Int: 29    God:
Gold:   1203       SH:  5    Dex: 14    Spells: 21/31 levels left

rFire   + + .      SeeInvis .   S - +9 lance "Wyrmbane" {slay drac, rPois rF+ rC+ AC+3}
rCold   + + .      Faith    .   (no shield)
rNeg    . . .      Spirit   .   (body armour currently unavailable)
rPois   +          Reflect  +   (helmet currently unavailable)
rElec   +          Harm     .   (cloak currently unavailable)
rCorr   +          Rampage  .   (gloves currently unavailable)
Will    +....      NoTele   +   (boots currently unavailable)
Stlth   ..........              t - amulet of reflection
HPRegen 0.35/turn               N - +4 ring of evasion
MPRegen 0.21/turn               G - +6 ring of strength

@: mighty, berserking, tree-form, resistant, very quick
A: stationary, stasis, torment immunity, boosted hp, high MP 1, forlorn, divine
attributes
a: no special abilities


You were on level 8 of the Dungeon.
You were a tree.
You visited 1 branch of the dungeon, and saw 8 of its levels.

You collected 1315 gold pieces.
You spent 112 gold pieces at shops.


Innate Abilities, Weirdness & Mutations

You are a tree.
Your roots penetrate the ground, keeping you stationary.
You cannot be teleported.
You are immune to unholy pain and torment.
Your maximum health is greatly increased.
Your equipment is partially melded.
You have an increased reservoir of magic. (+10% MP)
You shall have no god before yourself.
Your divine heritage dramatically boosts your attributes as you level up.


   Skills:
 - Level 1.7 Dodging
 - Level 1.7 Stealth
 * Level 11.0 Spellcasting
 - Level 0.8 Conjurations
 + Level 10.2 Air Magic


You had 21 spell levels left.
You knew the following spells:

 Your Spells              Type           Power      Damage    Failure   Level
a - Shock                 Conj/Air       100%       1d9       1%          1
b - Static Discharge      Conj/Air       48%        N/A       1%          2
c - Swiftness             Air            66%        N/A       1%          3
d - Airstrike             Air            33%        N/A       1%          4

Your spell library contained the following spells:

 Spells                   Type           Power      Damage    Failure   Level
 Ensorcelled Hibernation  Hex/Ice        32%        N/A       4%          2
 Passwall                 Tmut/Erth      13%        N/A       4%          2

Inventory:

Hand Weapons
 b - a +4 vampiric war axe {!waxe}
   (You took it off an orc wizard on level 4 of the Dungeon)
 S - the +9 lance "Wyrmbane" (weapon) {slay drac, rPois rF+ rC+ AC+3}
   (You took it off Maggie on level 6 of the Dungeon)

   It inflicts extra damage against dragons and draconians.
   AC:        It affects your AC (+3).
   rF:        It protects you from fire.
   rC:        It protects you from cold.
   rPois:     It protects you from poison.
Missiles
 i - 325 stones {throwing}
 k - 5 curare-tipped darts {=fthrowing}
 l - 38 poisoned darts {throwing}
 n - 22 boomerangs {throwing}
 C - 19 throwing nets {=f!fthrowing}
 M - 3 silver boomerangs {throwing}
Armour
 a - a +0 robe
 j - a +2 pair of gloves (melded)
   (You found it on level 5 of the Dungeon)
 p - a +2 pair of boots (melded)
   (You found it on level 1 of the Dungeon)
 u - the +1 robe of Ijuanwoa (melded) {rN+++ Str-3 Slay+4 SInv}
   (You found it on level 8 of the Dungeon)

   Str:       It affects your strength (-3).
   Slay:      It affects your accuracy & damage with ranged weapons and melee
   (+4).
   rN:        It renders you almost immune to negative energy.
   SInv:      It lets you see invisible.
 O - a +2 cloak (melded)
   (You found it on level 4 of the Dungeon)
Magical Staves
 q - a staff of fire {!astaff}
   (You found it on level 1 of the Dungeon)
 v - a staff of death {!astaff}
   (You found it on level 1 of the Dungeon)
 F - a staff of cold {!astaff}
   (You found it on level 2 of the Dungeon)
Jewellery
 m - a ring of poison resistance
   (You took it off a hobgoblin on level 1 of the Dungeon)
 t - an amulet of reflection (around neck)
   (You found it on level 1 of the Dungeon)
 G - a +6 ring of strength (right branch)
   (You found it on level 2 of the Dungeon)
 N - a +4 ring of evasion (left branch)
   (You took it off an orc on level 4 of the Dungeon)
Wands
 J - a wand of acid (7)
   (You took it off an orc on level 4 of the Dungeon)
 Q - a wand of mindburst (8)
   (You found it on level 7 of the Dungeon)
 T - a wand of flame (27)
   (You took it off an orc on level 6 of the Dungeon)
 X - a wand of iceblast (11)
   (You found it on level 7 of the Dungeon)
Scrolls
 c - 2 scrolls of teleportation {@r4}
 d - a scroll of identify {@r1}
 e - 4 scrolls of fear
 g - a scroll of enchant armour
 h - a scroll of blinking {!r}
 H - 2 scrolls of fog
 I - 2 scrolls of vulnerability {!r!r}
 K - 2 scrolls of torment {!r}
 L - 2 scrolls of magic mapping {!r}
 W - a scroll of brand weapon
Potions
 x - 4 potions of mutation {unknown}
 A - 2 potions of resistance
 D - a potion of brilliance {unknown}
 R - a potion of haste {unknown}
 V - a potion of degeneration {unknown}
 Y - 2 potions of invisibility {unknown}
 Z - a potion of attraction {unknown}

Dungeon Overview and Level Annotations

Branches:
Dungeon (8/15)             Temple (0/1) D:6
   Lair: D:8-11

Shops:
D:1 =   D:7 ?

Annotations:
D:3 3 runed translucent doors, Antichthon's ghost, amateur NaWr
D:4 3 runed translucent doors, BeAPotato's ghost, amateur OpTm; mnm's ghost, novice HuFi; thiscave3701365's ghost, amateur MiBe
D:6 1 runed translucent door, Crazy Yiuf

#.....#######.......+.........#..
#.....#...>.#.......#.........#..
#โ€ โ€
...#.....'.......#.........#..
#.....#.....#.......#.........#..
#.....#....#####.)..#.........#..
#.....#..### #..).#.........#..
#.....#..# #....ยง.........#..
#.....#..# #....#.))......###
#.....#..### #โ™ฃ...#............
#.....#....#..JJJ..R#............
#.....#..###.).#R...#............
#.....#..#..####....#.......<....
#.....#..#. #....#............
#.....#..### #....#............
#.....#....## #....#...........#
#.....#.....# .....#...........#
#.....#.....# #...........#


You could see 2 rakshasas and 3 slime creatures.


Message History

The lance of force hits you.
* * * LOW HITPOINT WARNING * * *
๐Ÿ˜ฑ HP[-1]
You take 1 damage, and now have 10/103 hp.
You feel better.
The rakshasa hits you with a +0 trident.
* * * LOW HITPOINT WARNING * * *
๐Ÿ˜ฑ HP[+3] MP[+1]
You regained 3 hp, and now have 13/103 hp.
You feel better.
The rakshasa weaves an illusion.
The wyvern shimmers and seems to become two! ๐Ÿ˜ฑ HP[+7]
You regained 7 hp, and now have 20/103 hp.
It was a potion of resistance.
You feel protected.
The rakshasa hits you with a +0 trident!
* * * LOW HITPOINT WARNING * * *
๐Ÿ˜ฑ HP[-10]
You take 10 damage, and now have 10/103 hp.
Unknown command.
Okay, then.
Casting: Shock (safe; 1% risk of failure)
Confirm with . or Enter, or press ? or * to list all spells.
Aiming: Airstrike (mildly dangerous; 1% risk of failure)
Press: ? - help, Dir - move target, f - rakshasa
Aim: a rakshasa, wielding a +0 trident and wearing a +0 robe (lightly wounded, empty space bonus: 7/8)
Okay, then.
It was a potion of might.
You feel very mighty all of a sudden.
The rakshasa hits you but does no damage.
Okay, then.
You hit the rakshasa.
The rakshasa hits you but does no damage. ๐Ÿ˜ฑ HP[+1] MP[+1]
You puncture the rakshasa!
The slime creature seems to regain its courage.
Cornered, the slime creature turns to fight!
The rakshasa hits you but does no damage.
Cornered, the slime creature turns to fight!
Okay, then.
You hit the rakshasa.
The injured rakshasa weaves a defensive illusion!
The rakshasa blinks!
The rakshasa hits you with a +0 trident.
* * * LOW HITPOINT WARNING * * *
๐Ÿ˜ฑ HP[-3]
You take 3 damage, and now have 8/103 hp.
It was a potion of flight.
Your roots keep you in place.
You are no longer corroded.
The rakshasa hits you with a +0 trident.
* * * LOW HITPOINT WARNING * * *
The rakshasa weaves an illusion.
The slime creature shimmers and seems to become two! ๐Ÿ˜ฑ HP[-2]
You take 2 damage, and now have 6/103 hp.
It was a potion of berserk rage.
A red film seems to cover your vision as you go berserk!
You feel yourself moving faster!
You feel mighty!
The rakshasa hits you but does no damage. x2 ๐Ÿ˜ฑ HP[+4]
You now have 154 max hp (+51).
You regained 4 hp, and now have 10/154 hp.
You impale the rakshasa!!
You kill the rakshasa!
The rakshasa shimmers and vanishes!
The rakshasa hits you with a +0 trident.
* * * LOW HITPOINT WARNING * * *
๐Ÿ˜ฑ HP[-3] MP[+1]
You take 3 damage, and now have 7/154 hp.
You puncture the rakshasa!
The slime creature hits you but does no damage.
The rakshasa blinks! ๐Ÿ˜ฑ HP[+1]
You puncture the slime creature!
The slime creature hits you but does no damage.
You puncture the slime creature! You impale the slime creature!!
The slime creature hits you but does no damage.
The rakshasa blinks!
The rakshasa hits you but does no damage.
You puncture the wyvern!
You kill the wyvern!
The wyvern's corpse shimmers and vanishes!
The slime creature hits you!
* * * LOW HITPOINT WARNING * * *
The rakshasa weaves an illusion.
The slime creature shimmers and seems to become two!
The slime creature jiggles.
The rakshasa hits you but does no damage. ๐Ÿ˜ฑ HP[-6]
You take 6 damage, and now have 2/154 hp.
You puncture the slime creature!
You kill the slime creature!
The slime creature shimmers and vanishes!
You block the slime creature's attack.
The rakshasa weaves an illusion.
The slime creature shimmers and seems to become two!
The rakshasa hits you from afar with a +0 trident.
You die...

Skill      XL: |  1  2  3  4  5  6  7  8  9 10 |
---------------+-------------------------------+-----
Air Magic      | 3 4 5 6 7 8 9 10 | 10.2
Spellcasting   | 2 3 4 5 7 9 11 | 11.0
Dodging        | |  1.7
Stealth        | |  1.7
Conjurations   | |  0.8

Action                   |  1- 3 |  4- 6 |  7- 9 | 10-12 || total
-------------------------+-------+-------+-------+-------++-------
Melee: Unarmed           |    14 |       |       |       ||    14
       Dagger            |       |    45 |       |       ||    45
       Punch             |       |     1 |       |     1 ||     2
       War axe           |       |       |    51 |     6 ||    57
       Lance             |       |       |       |    46 ||    46
 Cast: Shock             |   109 |    83 |   142 |    51 ||   385
       Static Discharge  |     3 |    11 |    11 |       ||    25
       Airstrike         |       |    10 |   102 |    60 ||   172
       Swiftness         |       |     2 |       |       ||     2
  Use: Potion            |     1 |     4 |       |     9 ||    14
       Scroll            |       |       |    15 |     3 ||    18
Armor: Skin              |     9 |       |       |    18 ||    27
       Robe              |     5 |    13 |    22 |    13 ||    53
Dodge: Dodged            |    25 |    29 |    46 |    39 ||   139
Block: Other             |     3 |    10 |    16 |    13 ||    42

Levels and vault maps discovered:
D:1:      dpeg_arrival_ratfight, layout_basic, serial_shops, nicolae_shop_stone,
          minmay_misc_feat_five, st_stairs_2, minmay_3d_cube
D:2:      layout_loops_ring, serial_undead, serial_undead_e, serial_undead_b,
          serial_undead_f, serial_undead_a, serial_undead_e, serial_undead_a,
          serial_undead_f, serial_undead_a, serial_undead_f, serial_undead_a,
          dreamdust_ecumenical_altar_angels_and_demons,
          minmay_misc_feat_more_columns, kennysheep_generic_room_9
D:3:      corexii_shack_village, layout_loops_corners, gammafunk_ghost_icy
D:4:      minmay_razor_zed, layout_loops_ring, gammafunk_ghost_cemetery,
          uniq_grinder
D:5:      layout_loops_ring, minmay_small_thing
D:6:      layout_basic, minmay_temple_entry_statues, uniq_blork_the_orc,
          uniq_crazy_yiuf_cottage, uniq_maggie
D:7:      layout_cave_pools, mainiacjoe_overflow_cross_hatched, serial_shops,
          nicolae_shop_hallway_stairs, serial_gnoll_camp, gnoll_camp_medium_02,
          gnoll_camp_huts_moat, grums_kennel, gnoll_camp_mini_hut,
          kennysheep_another_room, corexii_checkpoint_a
D:8:      minmay_blocky_corners, layout_gridville,
          lightli_ossuary_entry_decrepit_ruins

Notes
Turn   | Place    | Note
-------+----------+-------------------------------------------
     0 | D:1      | spaghetti the Demigod Air Elementalist began the quest for
                  | the Orb.
     0 | D:1      | Reached XP level 1. HP: 14/14 MP: 5/5
     0 | D:1      | magus.rc [v1.9.6]
   136 | D:1      | Reached skill level 3 in Air Magic
   333 | D:1      | Reached XP level 2. HP: 20/20 MP: 4/7
  1055 | D:1      | Reached XP level 3. HP: 26/26 MP: 4/8
  1058 | D:1      | Learned a level 2 spell: Static Discharge
  1094 | D:1      | Found Xapp's Jewellery Shop.
  1221 | D:1      | Reached skill level 4 in Air Magic
  2391 | D:2      | Reached XP level 4. HP: 33/33 MP: 5/9
  2516 | D:2      | Learned a level 3 spell: Swiftness
  3071 | D:3      | Reached skill level 5 in Air Magic
  3157 | D:3      | Found a runed translucent gate.
  3169 | D:3      | Found a runed translucent gate.
  3170 | D:3      | Found a runed translucent gate.
  3219 | D:3      | You pick up a book of Burglary and begin reading...
  3219 | D:3      | You add the spells Passwall and Ensorcelled Hibernation to
                  | your library.
  3400 | D:3      | Noticed Antichthon's ghost (amateur NaWr)
  3556 | D:3      | Noticed a water moccasin
  3570 | D:3      | Killed a water moccasin
  3571 | D:3      | Reached skill level 2 in Spellcasting
  3571 | D:3      | Reached XP level 5. HP: 17/38 MP: 5/11
  4562 | D:4      | Noticed a black bear
  4571 | D:4      | Killed a black bear
  4572 | D:4      | Reached skill level 3 in Spellcasting
  4572 | D:4      | Reached XP level 6. HP: 25/45 MP: 6/13
  4711 | D:4      | Learned a level 4 spell: Airstrike
  4732 | D:4      | Reached skill level 6 in Air Magic
  5092 | D:4      | HP: 11/45 [/static electricity (2)]
  5108 | D:4      | HP: 10/45 [/static electricity (3)]
  5490 | D:4      | Reached skill level 4 in Spellcasting
  5490 | D:4      | Reached XP level 7. HP: 43/50 MP: 2/16
  6044 | D:4      | Noticed Grinder
  6054 | D:4      | Killed Grinder
  6170 | D:4      | Reached skill level 5 in Spellcasting
  6215 | D:4      | Reached skill level 7 in Air Magic
  6673 | D:4      | Found a runed translucent gate.
  6673 | D:4      | Found a runed translucent gate.
  6673 | D:4      | Found a runed translucent gate.
  6677 | D:4      | Noticed BeAPotato's ghost (amateur OpTm)
  6677 | D:4      | Noticed thiscave3701365's ghost (amateur MiBe)
  6677 | D:4      | Noticed mnm's ghost (novice HuFi)
  6974 | D:5      | Entered Level 5 of the Dungeon
  6977 | D:5      | Noticed a yak
  6978 | D:5      | Reached XP level 8. HP: 57/57 MP: 7/20
  6986 | D:4      | Reached skill level 6 in Spellcasting
  7106 | D:4      | HP: 13/57 [yak (8)]
  7356 | D:4      | Reached skill level 7 in Spellcasting
  7418 | D:5      | Reached skill level 8 in Air Magic
  8428 | D:5      | Reached XP level 9. HP: 62/62 MP: 18/24
  8738 | D:6      | Noticed a kobold demonologist
  8746 | D:6      | Killed a kobold demonologist
  8747 | D:6      | Reached skill level 8 in Spellcasting
  9138 | D:6      | Found a staircase to the Ecumenical Temple.
  9218 | D:6      | Noticed Maggie
  9218 | D:6      | Maggie the Vainglorious comes into view. She is wielding
                  | the +9 lance "Wyrmbane" {slay drac, rPois rF+ rC+ AC+3}.
  9219 | D:6      | Aim: Maggie, wielding the +9 lance "Wyrmbane" {slay drac,
                  | rPois rF+ rC+ AC+3} and wearing +0 steam dragon scales
                  | (empty space bonus: 6/8)
  9219 | D:6      | Aim: Maggie, wielding the +9 lance "Wyrmbane" {slay drac,
                  | rPois rF+ rC+ AC+3} and wearing +0 steam dragon scales
                  | (empty space bonus: 6/8)
  9220 | D:6      | Aim: Maggie, wielding the +9 lance "Wyrmbane" {slay drac,
                  | rPois rF+ rC+ AC+3} and wearing +0 steam dragon scales
                  | (moderately wounded, empty space bonus: 7/8)
  9220 | D:6      | Aim: Maggie, wielding the +9 lance "Wyrmbane" {slay drac,
                  | rPois rF+ rC+ AC+3} and wearing +0 steam dragon scales
                  | (moderately wounded, empty space bonus: 7/8)
  9221 | D:6      | Aim: Maggie, wielding the +9 lance "Wyrmbane" {slay drac,
                  | rPois rF+ rC+ AC+3} and wearing +0 steam dragon scales
                  | (heavily wounded, mesmerising, empty space bonus: 7/8)
  9221 | D:6      | Aim: Maggie, wielding the +9 lance "Wyrmbane" {slay drac,
                  | rPois rF+ rC+ AC+3} and wearing +0 steam dragon scales
                  | (heavily wounded, mesmerising, empty space bonus: 7/8)
  9222 | D:6      | Aim: Maggie, wielding the +9 lance "Wyrmbane" {slay drac,
                  | rPois rF+ rC+ AC+3} and wearing +0 steam dragon scales
                  | (severely wounded, mesmerising, empty space bonus: 7/8)
  9222 | D:6      | Aim: Maggie, wielding the +9 lance "Wyrmbane" {slay drac,
                  | rPois rF+ rC+ AC+3} and wearing +0 steam dragon scales
                  | (severely wounded, mesmerising, empty space bonus: 7/8)
  9222 | D:6      | Killed Maggie
  9470 | D:6      | Found a runed translucent door.
  9471 | D:6      | Noticed Crazy Yiuf
  9559 | D:6      | Noticed Blork the orc
  9562 | D:6      | Killed Blork the orc
 10056 | D:6      | Reached skill level 9 in Air Magic
 10312 | D:7      | Reached skill level 9 in Spellcasting
 11059 | D:7      | Identified a scroll of acquirement
 11060 | D:7      | Acquired 848 gold pieces
 11664 | D:7      | Noticed Grum
 11667 | D:7      | Killed Grum
 11901 | D:7      | Reached XP level 10. HP: 69/69 MP: 16/28
 12177 | D:7      | Reached skill level 10 in Spellcasting
 12742 | D:7      | Found Qieptise's Magic Scroll Shop.
 12746 | D:7      | Bought a scroll of blinking for 112 gold pieces
 13406 | D:8      | Identified the +1 robe of Ijuanwoa {rN+++ Str-3 Slay+4
                  | SInv}
 13656 | D:8      | Reached skill level 10 in Air Magic
 13767 | D:8      | Aim: a wight, wielding a +0 mace and wearing a +0 robe
                  | (heavily damaged, about 27% to evade the +9 lance
                  | "Wyrmbane")
 13767 | D:8      | Aim: a wight, wielding a +0 mace and wearing a +0 robe
                  | (heavily damaged, about 27% to evade the +9 lance
                  | "Wyrmbane")
 13768 | D:8      | Aim: a wight, wielding a +0 mace and wearing a +0 robe
                  | (heavily damaged, about 27% to evade the +9 lance
                  | "Wyrmbane")
 13768 | D:8      | Aim: a wight, wielding a +0 mace and wearing a +0 robe
                  | (heavily damaged, about 27% to evade the +9 lance
                  | "Wyrmbane")
 14193 | D:8      | Noticed a black mamba
 14193 | D:8      | a komodo dragon changed into a black mamba
 14197 | D:8      | Killed a black mamba
 14198 | D:8      | Noticed a rakshasa
 14206 | D:8      | Reached skill level 11 in Spellcasting
 14211 | D:8      | Aim: a rakshasa, wielding a +0 trident and wearing a +0
                  | robe (about 37% to evade the +9 lance "Wyrmbane")
 14211 | D:8      | Aim: a rakshasa, wielding a +0 trident and wearing a +0
                  | robe (about 37% to evade the +9 lance "Wyrmbane")
 14213 | D:8      | Aim: a rakshasa, wielding a +0 trident and wearing a +0
                  | robe (moderately wounded, about 41% to evade the +9 lance
                  | "Wyrmbane")
 14213 | D:8      | Aim: a rakshasa, wielding a +0 trident and wearing a +0
                  | robe (moderately wounded, about 41% to evade the +9 lance
                  | "Wyrmbane")
 14213 | D:8      | HP: 23/103 [rakshasa/+0 trident (8)]
 14214 | D:8      | Aim: a rakshasa, wielding a +0 trident and wearing a +0
                  | robe (moderately wounded, about 41% to evade the +9 lance
                  | "Wyrmbane")
 14214 | D:8      | Aim: a rakshasa, wielding a +0 trident and wearing a +0
                  | robe (moderately wounded, about 41% to evade the +9 lance
                  | "Wyrmbane")
 14215 | D:8      | Aim: a rakshasa, wielding a +0 trident and wearing a +0
                  | robe (moderately wounded, about 41% to evade the +9 lance
                  | "Wyrmbane")
 14215 | D:8      | Aim: a rakshasa, wielding a +0 trident and wearing a +0
                  | robe (moderately wounded, about 41% to evade the +9 lance
                  | "Wyrmbane")
 14217 | D:8      | HP: 11/103 [wyvern (shapeshifter) (9)]
 14222 | D:8      | HP: 10/103 [rakshasa/+0 trident (10)]
 14227 | D:8      | HP: 6/103 [rakshasa (illusionary)/+0 trident (2)]
 14234 | D:8      | HP: 2/154 [slime creature (7)]
 14235 | D:8      | Slain by a rakshasa (illusionary)

Vanquished Creatures
  A black mamba (shapeshifter) (D:8)
  A kobold demonologist (D:6)
  Maggie (D:6)
  A troll (D:8)
  Grinder (D:4)
  A hornet (D:7)
  A wraith (D:8)
  4 yaks (D:4)
  Grum (D:7)
  A steam dragon (D:7)
  An ice beast (D:4)
  A water moccasin (D:3)
  An orc warrior (D:7)
  2 sky beasts
  3 black bears
  4 centaurs
  4 phantoms
  2 kobold brigands
  Blork the orc (D:6)
  5 gnoll sergeants
  2 bullfrogs (D:7)
  3 scorpions
  2 necrophages (D:8)
  8 wights (D:8)
  4 killer bees (D:8)
  An electric eel (D:7)
  2 howler monkeys
  8 orc priests
  2 gnoll shamans (D:7)
  12 hounds
  3 jellies
  3 iguanas
  12 orc wizards
  29 gnolls
  9 adders
  A shadow imp (D:5)
  A white imp (D:7)
  An ufetubus (D:7)
  4 adder skeletons (D:2)
  An adder zombie (D:2)
  2 worms
  2 dart slugs (D:1)
  32 orcs
  6 ball pythons
  8 bats
  A bat skeleton (D:2)
  A bat zombie (D:2)
  6 endoplasms
  4 giant cockroaches
  10 goblins
  11 hobgoblins
  8 jackals
  22 kobolds
  5 quokkas
  A ball python skeleton (D:2)
  2 ball python zombies (D:2)
  3 frilled lizards (D:2)
  A quokka skeleton (D:2)
  A quokka zombie (D:2)
  16 rats
287 creatures vanquished.

Vanquished Creatures (others)
  2 plants (D:3)
  7 withered plants (D:2)
9 creatures vanquished.

Grand Total: 296 creatures vanquished

Table legend:
 A = Non-vault XP
 B = Vault XP
 C = Vault XP percentage of total XP
 D = Non-vault monster count
 E = Vault monster count
 F = Vault count percentage of total count
                 A         B        C        D         E       F
            +---------+---------+-------+---------+---------+-------
      Total |    6716 |    3416 |  33.7 |     183 |     104 |  36.2
            +---------+---------+-------+---------+---------+-------
        D:1 |      43 |      15 |  25.9 |      21 |      11 |  34.4
        D:2 |      53 |      36 |  40.4 |      19 |      13 |  40.6
        D:3 |     194 |      22 |  10.2 |      18 |      11 |  37.9
        D:4 |    1547 |     634 |  29.1 |      28 |      15 |  34.9
        D:5 |     836 |       0 |   0.0 |      20 |       0 |   0.0
        D:6 |     964 |     475 |  33.0 |      21 |       2 |   8.7
        D:7 |    1456 |    1430 |  49.5 |      26 |      48 |  64.9
        D:8 |    1623 |     804 |  33.1 |      30 |       4 |  11.8
            +---------+---------+-------+---------+---------+-------

Illustrated notes

Table legend:
 A = Kills in this place as a percentage of kills in entire the game.
 B = Kills by you in this place as a percentage of kills by you in the entire game.
 C = Kills by friends in this place as a percentage of kills by friends in the entire game.
 D = Other kills in this place as a percentage of other kills in the entire game.
 E = Experience gained in this place as a percentage of experience gained in the entire game.
 F = Experience gained in this place divided by the number of levels of this place that you have seen.
                   A       B       C       D       E      F
               +-------+-------+-------+-------+-------+----------------------
         Total | 100.0 | 100.0 |   N/A |   N/A | 100.0 | 1266.5
       Dungeon | 100.0 | 100.0 |   N/A |   N/A | 100.0 | 1266.5
               +-------+-------+-------+-------+-------+----------------------

Table legend: (Time is in decaauts)
 A = Elapsed time spent in this place.
 B = Non-inter-level travel time spent in this place.
 C = Inter-level travel time spent in this place.
 D = Time resting spent in this place.
 E = Time spent auto-exploring this place.
 F = Levels seen in this place.
 G = Mean time per level.
                   A        B        C        D        E       F      G
               +--------+--------+--------+--------+--------+-----+--------+
         Total |  14265 |  13812 |    453 |   2198 |  10130 |   8 | 1783.1 |
       Dungeon |  14265 |  13812 |    453 |   2198 |  10130 |   8 | 1783.1 |
               +--------+--------+--------+--------+--------+-----+--------+

Top non-repeatable levels by time:
     D:7: 2686 daAuts
     D:4: 2589 daAuts
     D:3: 1885 daAuts
     D:6: 1695 daAuts
     D:1: 1581 daAuts
     D:2: 1428 daAuts
     D:5: 1246 daAuts
     D:8: 1153 daAuts
